Map: Tourmaline LE

Players

HoldTheDoor - Winner!

  • Race: Protoss Protoss
  • League: Diamond
  • Spawn Location: 7:00

VOD

Have the link to the VOD?

Description

Time

  • Played on: May 7, 2026, 1:28 p.m.
  • Length: 8:44
Show
View Real Time Build Order
Export as new Build Order

HoldTheDoor Protoss - Winner!

Build Orders:  

Get SALT Encoding   

  12  0:02  Probe (Chrono Boost)  
  13  0:19  Probe (Chrono Boost)  
  14  0:27  Pylon  
  14  0:36  Probe (Chrono Boost)  
  15  0:48  Probe (Chrono Boost)  
  16  1:00  Probe (Chrono Boost), Gateway  
  17  1:11  Assimilator  
  18  1:22  Probe (Chrono Boost)  
  18  1:32  Forge  
  18  1:39  Probe (Chrono Boost)  
  19  1:56  Probe (Chrono Boost)  
  20  2:10  Cybernetics Core  
  20  2:12  Probe (Chrono Boost)  
  20  2:19  Photon Cannon  
  21  2:29  Probe (Chrono Boost)  
  22  2:46  Probe (Chrono Boost)  
  23  3:01  Nexus  
  23  3:10  Pylon  
  23  3:31  Stalker  
  23  3:37  Probe (Chrono Boost)  
  26  3:48  Robotics Facility  
  26  3:54  Probe (Chrono Boost)  
  27  4:09  Stalker  
  28  4:11  Probe (Chrono Boost)  
  28  4:15  Gateway  
  31  4:30  Probe (Chrono Boost)  
  31  4:36  Warp Gate  
  31  4:47  Probe (Chrono Boost)  
  31  4:48  Probe (Chrono Boost)  
  33  4:52  Warp Prism  
  33  5:04  Probe (Chrono Boost)  
  33  5:05  Probe (Chrono Boost)  
  38  5:21  Probe (Chrono Boost)  
  38  5:23  Gateway  
  38  5:28  Gateway  
  38  5:29  Gateway  
  38  5:35  Gateway  
  38  5:43  Gateway  
  38  5:53  Gateway  
  38  5:57  Stalker  
  40  6:15  Stalker  
  42  6:31  Pylon  
  42  6:34  Pylon  
  42  6:40  Pylon  
  42  6:57  Stalker x2  
  42  6:58  Stalker x3  
  52  7:02  Zealot  
  54  7:12  Zealot x2  
  58  7:30  Zealot  
  58  7:31  Zealot x3  
  58  7:32  Zealot  
  58  7:35  Zealot  
  70  8:01  Pylon  
  70  8:05  Pylon  
  70  8:09  Pylon  
  70  8:28  Stalker x3  
  76  8:30  Zealot x2  
  76  8:31  Zealot x2  
Tags
 
League
Diamond
Matchup
Co-op
Replay Pack
SC2Mai2026
Add a new tag
Caveats
  • Supply blocks, unpowered buildings, or Contaminate may cause inaccurate times.
  • Supply counts are checked every 10 seconds.